Map: Crête de Lerilak

Players

Дантист

  • Race: Terran Terran
  • League: Silver
  • Spawn Location: 7:00

zidar - Winner!

  • Race: Zerg Zerg
  • League: Silver
  • Spawn Location: 11:00

VOD

Have the link to the VOD?

Description

Time

  • Played on: Feb. 19, 2016, 2:47 a.m.
  • Length: 26:39
Show
View Real Time Build Order
Export as new Build Order

Дантист Terran 

Build Orders:  

Get SALT Encoding   

  12  0:01  SCV  
  13  0:13  SCV  
  14  0:25  SCV, Supply Depot  
  15  0:31  Supply Depot  
  15  0:50  Barracks  
  15  1:01  SCV  
  15  1:03  Refinery  
  16  1:13  SCV  
  17  1:25  SCV  
  18  1:28  Refinery  
  18  1:37  SCV  
  19  1:46  Barracks  
  19  1:48  Marine  
  19  1:49  SCV  
  21  2:01  SCV  
  21  2:05  Marine  
  23  2:13  SCV  
  24  2:23  Marine  
  24  2:25  SCV  
  26  2:32  Factory  
  26  2:37  SCV  
  26  2:41  Marine  
  26  2:42  Supply Depot  
  28  2:49  SCV  
  28  2:51  Barracks Tech Lab  
  29  2:59  Marine  
  29  3:02  Orbital Command  
  30  3:14  Stimpack  
  30  3:16  Starport  
  32  3:26  Widow Mine  
  32  3:33  Barracks Reactor  
  34  3:54  Widow Mine  
  34  4:06  Command Center  
  36  4:23  Widow Mine  
  36  4:31  Starport Reactor  
  37  4:51  Widow Mine  
  37  5:09  Medivac  
  39  5:14  Combat Shield  
  39  5:17  Supply Depot, Medivac  
  41  5:21  Supply Depot  
  41  5:36  Bunker  
  41  5:39  Medivac  
  41  5:41  Supply Depot  
  43  5:44  Supply Depot  
  43  5:47  Medivac  
  45  5:57  Marine x2  
  45  6:01  Marauder  
  49  6:09  Liberator x2  
  49  6:12  Orbital Command  
  49  6:15  Marine x2  
  51  6:22  Marauder  
  59  6:33  Marine x2  
  59  6:37  SCV  
  62  6:43  Marauder  
  64  6:49  SCV  
  64  6:51  Marine x2  
  67  7:01  SCV  
  67  7:05  Marauder  
  70  7:13  SCV  
  71  7:17  Liberator x2  
  70  7:26  Marauder, SCV  
  73  7:30  Marine x2  
  81  7:46  SCV  
  81  7:48  Marine x2  
  84  7:51  Command Center  
  84  7:55  Engineering Bay  
  84  7:58  SCV, Engineering Bay  
  85  8:03  Factory Tech Lab  
  85  8:06  Marine  
  86  8:16  Supply Depot  
  86  8:19  Supply Depot  
  86  8:37  Marine x2  
  86  8:38  SCV, Siege Tank  
  86  8:39  Supply Depot  
  86  8:40  Supply Depot  
  92  8:41  Supply Depot  
  92  8:42  Supply Depot  
  92  8:43  Terran Infantry Weapons Level 1  
  92  8:46  Terran Infantry Armor Level 1  
  92  8:50  SCV  
  92  8:55  Marine  
  93  9:02  SCV  
  95  9:06  Supply Depot  
  95  9:10  Siege Tank  
  92  9:29  Supply Depot  
  92  10:10  Siege Tank  
  95  10:16  Concussive Shells  
  95  10:26  Refinery, SCV  
  95  10:27  Refinery  
  96  10:33  Missile Turret  
  96  10:42  Orbital Command  
  96  10:43  Siege Tank  
  97  10:54  Missile Turret  
  97  11:09  Marine, Marauder  
  97  11:10  Marine  
  101  11:22  SCV  
  102  11:27  Marine x2  
  102  11:30  Marauder  
  106  11:34  SCV  
  107  11:45  Marine x2  
  107  11:46  SCV  
  110  11:52  Marauder  
  110  11:58  SCV  
  97  12:03  Marine x2  
  99  12:11  SCV  
  99  12:13  Marauder  
  102  12:21  Marine x2  
  104  12:34  Marauder  
  106  12:38  Marine  
  106  12:39  Marine  
  91  12:56  Marine x2, Marauder  
  71  13:14  Marine x2  
  71  13:17  Marine  
  74  13:26  Raven  
  76  13:30  Corvid Reactor  
  76  13:34  Marine  
  76  13:39  Factory Tech Lab  
  77  13:42  Armory  
  77  14:01  Barracks  
  77  14:04  Sensor Tower  
  77  14:09  Raven  
  79  14:20  SCV  
  80  14:28  Marauder, Supply Depot  
  80  14:29  Marine x2, Sensor Tower  
  84  14:33  SCV  
  84  14:34  Siege Tank  
  88  14:45  SCV  
  89  14:47  Marine x2  
  89  14:50  Marauder, Barracks  
  89  14:51  Supply Depot  
  89  14:52  Raven, Refinery  
  95  14:57  Refinery, SCV  
  96  15:00  Sensor Tower  
  96  15:05  Marine x2  
  96  15:06  Siege Tank, Supply Depot  
  101  15:09  SCV  
  101  15:11  Marauder  
  104  15:16  Supply Depot  
  104  15:22  Marine  
  104  15:23  Marine  
  104  15:28  Terran Infantry Weapons Level 2  
  106  15:29  Supply Depot  
  106  15:32  Marauder  
  106  15:35  Raven  
  110  15:38  Siege Tank  
  110  15:39  Supply Depot  
  110  15:40  Barracks  
  113  15:54  Marauder, Barracks Tech Lab  
  113  15:55  Barracks Tech Lab  
  115  15:57  Rapid Reignition System  
  115  16:02  Supply Depot  
  115  16:10  Siege Tank  
  118  16:12  Marauder  
  118  16:14  Marauder  
  118  16:15  Marauder  
  118  16:16  Marine x2  
  126  16:29  Barracks  
  126  16:34  Marine x2, Marauder  
  126  16:35  Marauder  
  126  16:37  Marauder  
  134  16:42  Siege Tank  
  137  16:52  Marine x2  
  139  16:55  Marauder  
  139  16:56  Marauder  
  139  16:58  Marauder  
  145  17:09  Marine  
  145  17:10  Marine  
  147  17:16  Marauder  
  147  17:18  Marauder  
  147  17:19  Marauder  
  151  17:38  Marauder  
  151  17:39  Marauder  
  151  17:41  Marauder  
  155  18:11  Missile Turret  
  152  18:33  Missile Turret  
  152  18:53  Missile Turret  
  152  19:00  Marauder x3  
  152  19:02  Marine x3  
  160  19:19  Marine  
  160  19:20  Marine x2  
  160  19:21  Marauder x3  
  161  19:37  Marine x2  
  161  19:38  Marine  
  164  19:43  Marauder x3  
  170  19:55  Marine x3  
  173  20:04  Marauder x3  
  173  20:13  Marine  
  172  20:25  Marauder x2  
  172  20:26  Marauder  
  80  21:13  Marine x6, Marauder  
  84  21:30  Marine x2  
  84  21:31  Marine x4  
  81  21:34  Marine  
  56  21:59  Siege Tank  
  55  22:01  Marine x3  
  55  22:02  Marine x2, Marauder  
  55  22:03  Marauder  
  65  22:20  Marauder  
  60  22:24  Marauder x2  
  29  22:49  Marine  
  29  22:50  Marine x2  
  12  23:43  Engineering Bay  
  12  24:10  Command Center  
  10  24:42  Command Center  
  8  25:24  SCV  
  9  25:29  Barracks  
  9  25:36  SCV  
  10  25:45  Missile Turret  
  8  26:02  SCV  
  8  26:07  Barracks  
  8  26:15  SCV  
  9  26:27  SCV  
Show
View Real Time Build Order
Export as new Build Order

zidar Zerg - Winner!

Build Orders: Hatch First 

Get SALT Encoding   

  12  0:03  Drone  
  13  0:12  Overlord  
  13  0:17  Drone  
  14  0:30  Drone x2  
  14  0:35  Drone  
  17  0:54  Hatchery  
  16  0:57  Drone  
  16  1:02  Extractor, Drone  
  17  1:13  Drone  
  18  1:23  Spawning Pool  
  17  1:35  Overlord, Drone  
  18  1:45  Drone  
  19  1:52  Drone  
  20  2:03  Drone  
  21  2:12  Queen  
  21  2:13  Queen  
  24  2:26  Zergling x2  
  24  2:27  Zergling x6  
  28  2:34  Metabolic Boost  
  28  2:56  Zergling x4  
  28  2:57  Zergling x8  
  34  3:08  Drone x2  
  34  3:09  Roach Warren  
  35  3:33  Baneling Nest  
  34  3:35  Drone  
  35  3:55  Spore Crawler  
  34  3:59  Spore Crawler  
  33  4:05  Overlord  
  33  4:06  Overlord x2  
  33  4:19  Extractor  
  32  4:25  Queen  
  32  4:27  Baneling  
  32  4:29  Baneling x2  
  32  4:30  Baneling  
  32  4:31  Baneling  
  34  4:38  Drone x9  
  43  4:56  Roach x3  
  43  4:59  Roach  
  51  5:10  Lair  
  51  5:12  Drone  
  51  5:14  Overlord  
  52  5:51  Zergling x2  
  52  5:52  Zergling x14  
  59  6:03  Hatchery  
  58  6:13  Overseer  
  58  6:28  Overlord x2  
  58  6:29  Overlord  
  58  6:33  Drone  
  59  6:40  Extractor  
  59  6:41  Queen  
  59  6:42  Extractor  
  59  6:46  Drone  
  59  6:47  Drone x2  
  61  6:48  Drone  
  63  6:59  Centrifical Hooks  
  63  7:19  Ravager x4  
  67  7:23  Roach x3  
  67  7:24  Roach x4  
  81  7:40  Evolution Chamber  
  81  7:43  Evolution Chamber  
  79  7:48  Roach  
  81  7:53  Overlord x5  
  81  8:20  Drone x7  
  81  8:21  Drone x6  
  94  8:51  Extractor  
  78  9:42  Pneumatized Carapace  
  78  9:45  Overlord  
  78  9:46  Overlord x9  
  78  10:12  Drone x4  
  82  10:19  Overseer  
  82  10:32  Roach x13  
  82  10:33  Roach  
  110  10:36  Ravager x5  
  110  10:37  Ravager  
  112  10:56  Roach  
  126  10:57  Roach x6  
  126  11:02  Queen  
  128  11:11  Zerg Missile Weapons Level 1, Zerg Ground Armor Level 1  
  128  11:30  Roach  
  128  11:31  Roach x3, Zergling x2  
  137  11:35  Overlord  
  137  11:36  Overlord x5  
  137  11:46  Queen  
  137  11:48  Queen  
  72  12:12  Roach x12  
  96  12:27  Ravager  
  96  12:28  Ravager x5  
  102  12:31  Roach  
  102  12:32  Roach x4  
  82  13:19  Drone x3  
  85  13:22  Roach  
  85  13:23  Roach x13  
  113  13:47  Extractor  
  112  13:54  Drone x3  
  115  13:56  Drone x5  
  120  14:07  Zerg Ground Armor Level 2  
  120  14:12  Zerg Melee Weapons Level 1  
  120  14:19  Spire  
  119  14:50  Hatchery  
  120  14:52  Roach  
  120  14:53  Roach x9  
  120  14:56  Ravager x10  
  148  15:00  Zergling x2  
  148  15:01  Zergling x14  
  156  15:11  Drone x4  
  160  15:34  Mutalisk x5  
  160  15:35  Mutalisk  
  172  15:49  Infestation Pit  
  171  16:31  Hatchery  
  170  16:46  Mutalisk  
  170  16:47  Mutalisk x6  
  170  16:53  Overlord x3  
  170  16:54  Overlord x2  
  184  17:01  Extractor  
  184  17:03  Extractor  
  176  17:36  Roach x9  
  194  17:38  Roach  
  180  18:17  Ravager  
  180  18:18  Ravager x3  
  184  18:21  Roach x3  
  184  18:22  Roach x4  
  173  19:33  Roach  
  173  19:34  Roach x8  
  191  19:45  Zerg Missile Weapons Level 2  
  191  19:46  Zerg Melee Weapons Level 2  
  191  19:51  Infestation Pit  
  190  19:57  Mutalisk x3  
  190  19:58  Mutalisk  
  178  20:16  Roach  
  178  20:17  Roach x8  
  128  21:12  Roach x6  
  128  21:13  Roach x7  
  127  22:00  Roach  
  143  22:01  Roach x10  
  145  22:47  Roach x3  
  145  22:48  Roach x9  
  162  23:30  Mutalisk  
  162  23:31  Mutalisk x12  
  188  23:44  Roach x3  
  194  23:56  Overseer  
  194  23:59  Overseer  
  194  24:40  Roach  
  194  24:41  Roach x2  
  200  26:04  Extractor  
  200  26:06  Extractor  
Tags
 
Add a new tag
Caveats
  • Supply blocks, unpowered buildings, or Contaminate may cause inaccurate times.
  • Supply counts are checked every 10 seconds.